Unix NetHack Version 5.0.0-0 post-release - last build May 10 2026 23:12:36 (d1fa5d53e341ca933230fdaa984d921c805b60aa,branch:main).

Game began 2026-05-15 22:50:04, ended 2026-05-15 23:13:48.

Drastanta, lawful male human Samurai

                        -- ------   ---- ---                     ---------
                       --.--.|..|  --..---<---------------       |..|.--.----
                       |........|  |.........^......>@d0.--------|..........--
                        -......-   |.------..-----------0........|...........|
                        |......-----.|    --...        -..------^...........-|
                        --........*%^|     ---.|      |....    -.............-
                         --.))....-.-|         -      |...-- |...-............|
                          --%-.......|                |...-  |...............--
                   |  ------........--                ....   --....|.--....---
                   -................--               ...(.    -..-------..--
                  |... -----..|......|              ......   ....|     ....
                  -.      |...|--.|.--              ......  .....-     ....-
                          -..-- -----              ..............     ......
                          ..--                    ...............     .....--
                          |.                      ....--.|....---    ......|
                          |.                     ..... -----.-      .......-
                           .                    |....0     --       -......
                           -                    -..%.               |.......
                                                ..|.                ---.--..
                                               -----                  --  ---

Drastanta the Ninja    St:16 Dx:18 Co:18 In:8 Wi:8 Ch:8  Lawful
Dlvl:9  $:58 HP:0(70) Pw:28(28) AC:2  Xp:7 T:2959 

Latest messages:
 You kill the gnome!
 A cloud of gas puts you to sleep!
 You wake up.
 The gnome throws a dart!
 A dart misses you.
 The gnome throws a dart!
 A dart misses you.
 The gnome hits!
 You kill the gnome!
 Welcome to experience level 7.
 The gnome hits!
 You kill the gnome!
 You see here a yellowish brown gem.
 You see here a gnome corpse.
 Really step onto that rolling boulder trap? [yn] (n) y
 You escape a rolling boulder trap.
 You hit the gnome!
 The gnome reads a scroll labeled VERR YED HORRE!
 The gnome vanishes!
 You kill the gnome!
 You materialize in a different location!
 A board beneath you squeaks an E flat loudly.
 Really step onto that squeaky board? [yn] (n) n
 A board beneath the wolf squeaks an E flat loudly.
 You hit the wolf!
 The wolf bites!
 You miss the wolf.
 The wolf bites!
 You hit the wolf!
 The wolf bites!
 You miss the wolf.
 You are beginning to feel hungry.
 You hit the wolf!
 The wolf bites!
 You miss the wolf.
 You kill the wolf!
 What do you want to eat? [fT or ?*] f
 This candy bar is delicious!
 You hear an E flat squeak nearby.
 The wolf bites!
 The wolf bites!
 The wolf bites!
 The wolf bites!
 The wolf bites!
 You die...
 Do you want your possessions identified? [ynq] (y) y
 Do you want to see your attributes? [ynq] (y) y
 Do you want an account of creatures vanquished? [ynaq] (y) y
 Do you want to see your conduct and achievements? [ynq] (y) y
 Do you want to see the dungeon overview? [ynq] (y) y

Inventory:
 Coins    ('$')
  $ - 58 gold pieces
 Weapons  (')')
  S - a cursed -2 crossbow bolt
  d - 24 blessed +0 ya (in quiver)
  c - a +0 yumi (alternate weapon; not wielded)
  a - a +1 katana (weapon in right hand)
  b - a +0 wakizashi
 Armor    ('[')
  K - an uncursed +0 orcish helm
  Q - a blessed +0 pair of iron shoes
  R - an uncursed +0 dwarvish cloak
  e - an uncursed rustproof +2 splint mail (being worn)
 Comestibles  ('%')
  f - an uncursed candy bar labeled "Nilla Crunchie"
  T - an uncursed gunyoki
 Scrolls  ('?')
  v - an uncursed scroll of confuse monster
 Spellbooks  ('+')
  w - an uncursed novel named Feet of Clay
  i - an uncursed spellbook of force bolt
  o - an uncursed spellbook of healing
 Potions  ('!')
  l - 2 uncursed potions of gain energy
  s - an uncursed potion of sleeping
  L - an uncursed potion of water
 Rings    ('=')
  u - an uncursed ring of free action
 Wands    ('/')
  t - a wand of digging (0:5)
  k - a wand of magic missile (0:6)
  r - a wand of undead turning (0:5)
 Tools    ('(')
  m - an uncursed magic whistle
  O - an uncursed oil lamp
  N - an uncursed osaku

Drastanta the Samurai's attributes:

Background:
 You were a Ninja, a level 7 male human Samurai.
 You were lawful, on a mission for Amaterasu Omikami
 who was opposed by Raijin (neutral) and Susanowo (chaotic).
 You were right-handed.
 You were in the Gnomish Mines, on level 9.
 You entered the dungeon 2959 turns ago.
 It was nighttime.
 You had 680 experience points, 600 more were needed to attain level 8.

Basics:
 You had 0 out of 70 hit points.
 You had all 28 energy points (spell power).
 Your armor class was 2.
 Your wallet contained 58 zorkmids.
 Autopickup was off.

Final Characteristics:
 Your strength was 16 (limit:18/100).
 Your dexterity was 18 (limit:18).
 Your constitution was 18 (limit:18).
 Your intelligence was 8 (limit:18).
 Your wisdom was 8 (limit:18).
 Your charisma was 8 (limit:18).

Final Status:
 You were chained to a heavy iron ball.
 You weren't hungry.
 You were unencumbered.
 You were wielding a long sword.
 You had basic skill with long sword and could have enhanced that.

Final Attributes:
 You were piously aligned.
 You were telepathic.
 You were warded.
 You were fast.
 You are dead.

Miscellaneous:
 You encountered 1 bones level.
 Total elapsed playing time was 23 minutes and 43 seconds.

Major events:
 Turn
    1: Drastanta the lawful male human Samurai entered the dungeon
 1036: attained the rank of Ronin (level 3)
 1588: entered the Gnomish Mines
 2438: attained the rank of Ninja (level 6)
 2440: reached Mine Town
 2959: killed by a wolf, while dragging an iron ball

You didn't know any spells.

Skills:
 Fighting Skills
   martial arts      [Basic]
   two weapon combat [Unskilled]
   riding            [Unskilled]
 Weapon Skills
   dagger            [Unskilled]
   knife             [Unskilled]
   short sword       [Basic]
   broadsword        [Unskilled]
   long sword        [Basic]
   two-handed sword  [Unskilled]
   saber             [Unskilled]
   flail             [Unskilled]
   quarterstaff      [Unskilled]
   polearms          [Unskilled]
   spear             [Unskilled]
   lance             [Unskilled]
   bow               [Basic]
   shuriken          [Unskilled]
 Spellcasting Skills
   attack spells     [Unskilled]
   divination spells [Unskilled]
   clerical spells   [Unskilled]

Voluntary challenges:
 Character rerolling was not enabled.
 You never genocided any monsters.
 You never polymorphed an object.
 You never changed form.
 You used no wishes.
Achievements:
 You entered a shop.
 You attained the rank of Ronin.
 You entered the Gnomish Mines.
 You attained the rank of Ninja.
 You entered Minetown.
 You entered a temple.

 The Dungeons of Doom: levels 1 to 5
    Level 1:
       A fountain.
    Level 2:
       Some fountains.
    Level 3:
       A fountain.
    Level 4:
       A scroll shop, a sink, a grave.
       Stairs down to The Gnomish Mines.
    Level 5:
       Final resting place for
          merpish-Arc-Dwa-Mal-Law, killed by a giant bat.
 The Gnomish Mines: levels 5 to 9
    Level 5:
    Level 6:
    Level 7:
       Some shops, a temple and an altar, some fountains.
    Level 8:
    Level 9: <- You were here.
       Final resting place for
          you, killed by a wolf, while dragging an iron ball.


Vanquished creatures:
  a giant beetle
  a quivering blob
  a wolf
  a gnome ruler
  a housecat
  a pony
  7 gnome leaders
  4 gnomish wizards
  a floating eye
  4 dwarves
  a giant bat
 an orc zombie
  a dwarf zombie
  3 iguanas
  a hobbit
  a giant rat
 38 gnomes
  a jackal
  4 goblins
  2 sewer rats
  2 grid bugs
  5 lichens
  a kobold zombie
  2 newts
85 creatures vanquished.

No species were genocided or became extinct.

Game over:
                       ----------
                      /          \
                     /    REST    \
                    /      IN      \
                   /     PEACE      \
                  /                  \
                  |    Drastanta     |
                  |      58 Au       |
                  | killed by a wolf |
                  |                  |
                  |                  |
                  |                  |
                  |       2026       |
                 *|     *  *  *      | *
        _________)/\\_//(\/(/\)/\//\/|_)_______

Sayonara Drastanta the Samurai...

You died in The Gnomish Mines on dungeon level 9 with 3233 points,
and 58 pieces of gold, after 2959 moves.
You were level 7 with a maximum of 70 hit points when you died.

